 Dungeon Crawl Stone Soup version 0.21.1-1-g345015f (webtiles) character file.

501 sking99 the Slasher (level 7, 0/57 HPs)
             Began as a Barachi Fighter on June 25, 2018.
             Was a Follower of Cheibriados.
             Succumbed to Sigmund's poison
             ... on level 4 of the Dungeon.
             The game lasted 00:12:13 (3490 turns).

sking99 the Slasher (Barachi Fighter)               Turns: 3490, Time: 00:12:13

Health: 0/57       AC: 11    Str: 23 (24) XL:     7   Next: 17%
Magic:  8/8        EV:  4    Int:  8 (11) God:    Cheibriados [*.....]
Gold:   58         SH: 10    Dex: 15 (16) Spells: 6/6 levels left

rFire    + . .     SeeInvis .   b - +0 hunting sling
rCold    + . .     Gourm    .   c - +0 shield
rNeg     . . .     Faith    .   e - +0 plate armour
rPois    +         Spirit   .   (no helmet)
rElec    +         Reflect  .   (no cloak)
rCorr    +         Harm     .   (no gloves)
MR       .....                  (no boots)
Stlth    ..........             (no amulet)
HPRegen  0.19/turn              n - +3 ring of strength
MPRegen  0.11/turn              (no ring)

@: lethally poisoned (0 -> -10), resistant, very slightly contaminated,
invisible, very slow
A: +LOS, swims, slowness 1, strong legs 1
a: Hop, Bend Time, Renounce Religion


You were on level 4 of the Dungeon.
You worshipped Cheibriados.
Cheibriados was aware of your devotion.
You were very hungry.

You visited 1 branch of the dungeon, and saw 4 of its levels.

You collected 113 gold pieces.
You spent 55 gold pieces at shops.

Inventory:

Hand Weapons
 a - a +1 long sword
 b - a +0 hunting sling (weapon)
Missiles
 i - 86 stones (quivered)
Armour
 c - a +0 shield (worn)
 e - a +0 plate armour (worn)
 r - a +0 scale mail
Jewellery
 n - a +3 ring of strength (left hand)
Wands
 h - a wand of flame (19)
Scrolls
 k - a scroll of remove curse
Potions
 d - 2 potions of might
 j - a potion of resistance
 l - 2 potions of flight
 t - a potion of lignification
Comestibles
 f - 6 rations


   Skills:
 + Level 5.9 Fighting
 * Level 7.1 Long Blades
 - Level 3.6 Armour
 - Level 3.2 Shields
 + Level 2.1 Invocations


You had 6 spell levels left.
You didn't know any spells.

Dungeon Overview and Level Annotations

Branches:
Dungeon (4/15)
 Temple: D:4-7

Altars:
Cheibriados
The Shining One

Shops:
D:4 *

Annotations:
D:3 Grinder
D:4 Sigmund


Innate Abilities, Weirdness & Mutations

Shadows flee at your approach. (+LOS)
You can swim through water.
You cover ground slowly.
You can hop short distances.


Message History

Your +0 plate armour unmelds from your body.
* * * LOW HITPOINT WARNING * * *
You feel sick. Sigmund barely misses you.
* * * LOW HITPOINT WARNING * * *
You feel sick.
* * * LOW HITPOINT WARNING * * *
You feel sick. You block Sigmund's attack.
* * * LOW HITPOINT WARNING * * *
You feel sick. Sigmund completely misses you.
* * * LOW HITPOINT WARNING * * *
You feel sick.
You feel protected.
* * * LOW HITPOINT WARNING * * *
You feel sick. You block Sigmund's attack.
Okay, then.
Okay, then.
* * * LOW HITPOINT WARNING * * *
You feel sick.
Sigmund points at something and mumbles some strange words.
You die...

####################
...................#
##################.#
....... ...#.#
####.##
##.#(########
#@@.........#
#(...######.# #
#...#.......#
#....(..<#..#
#..#####.# #... #
##.# ... #..


You could see Sigmund.

Vanquished Creatures
  Purgy (D:4)
  A phantom (D:4)
  A hound (D:4)
  An orc priest (D:4)
  2 orc wizards
  A centaur skeleton (D:4)
  A worker ant (D:4)
  An adder (D:2)
  3 gnolls (D:4)
  An ooze (D:2)
  2 dart slugs
  5 leopard geckos
  10 orcs
  5 bats
  4 giant cockroaches
  11 goblins
  7 hobgoblins
  7 jackals
  5 quokkas
  A ball python (D:4)
  4 frilled lizards
  4 kobolds (D:1)
  9 rats
87 creatures vanquished.

Notes
Turn   | Place    | Note
-------+----------+-------------------------------------------
     0 | D:1      | sking99 the Barachi Fighter began the quest for the Orb.
     0 | D:1      | Reached XP level 1. HP: 18/18 MP: 1/1
   123 | D:1      | Reached skill level 3 in Long Blades
   150 | D:1      | Reached XP level 2. HP: 25/25 MP: 2/2
   597 | D:1      | Reached XP level 3. HP: 30/30 MP: 3/3
   757 | D:2      | Reached skill level 4 in Long Blades
  1136 | D:2      | Reached XP level 4. HP: 37/38 MP: 4/4
  1224 | D:2      | Found a snail-covered altar of Cheibriados.
  1229 | D:2      | Became a worshipper of Cheibriados the Contemplative
  1933 | D:3      | Reached skill level 5 in Long Blades
  1969 | D:3      | Found a glowing golden altar of the Shining One.
  2166 | D:3      | Reached XP level 5. HP: 43/43 MP: 5/5
  2310 | D:3      | Reached * piety under Cheibriados
  2323 | D:3      | Noticed a centaur
  2365 | D:3      | Noticed Grinder
  2367 | D:3      | Paralysed by Grinder for 7 turns
  2376 | D:3      | Paralysed by Grinder for 6 turns
  2552 | D:4      | Found Velug's General Store.
  2569 | D:4      | Reached skill level 5 in Fighting
  2582 | D:4      | Bought a potion of heal wounds for 55 gold pieces
  2763 | D:4      | Reached skill level 1 in Invocations
  2763 | D:4      | Reached XP level 6. HP: 50/51 MP: 6/6
  2772 | D:4      | Reached skill level 6 in Long Blades
  2871 | D:4      | Noticed a phantom
  2920 | D:4      | Killed a phantom
  3080 | D:4      | Noticed Purgy
  3099 | D:4      | Killed Purgy
  3099 | D:4      | Reached skill level 7 in Long Blades
  3099 | D:4      | Reached XP level 7. HP: 21/57 MP: 5/8
  3426 | D:4      | Noticed Sigmund
  3488 | D:4      | HP: 2/57 [poisoned by Sigmund]
  3490 | D:4      | Succumbed to Sigmund's poison

Skill      XL: |  1  2  3  4  5  6 |
---------------+-------------------+-----
Long Blades    | 3 4 5 7 |  7.1
Fighting       | 4 5 |  5.9
Invocations    | 1 2 |  2.1
Armour         | |  3.6
Shields        | |  3.2

Action                   |  1- 3 |  4- 6 |  7- 9 || total
-------------------------+-------+-------+-------++-------
Melee: Long sword        |   118 |   201 |       ||   319
 Fire: Hunting sling     |       |    39 |     9 ||    48
Throw: Stone             |    47 |    21 |       ||    68
Invok: Bend Time         |       |     2 |       ||     2
 Abil: Hop               |       |     4 |       ||     4
  Use: Scroll            |       |     6 |       ||     6
       Potion            |       |     1 |     5 ||     6
  Eat: Chunk             |     1 |     6 |       ||     7
Armor: Plate armour      |    75 |   124 |     4 ||   203
       Scale mail        |     1 |       |       ||     1
       Skin              |       |       |    14 ||    14
Dodge: Dodged            |    11 |    39 |     4 ||    54
Block: Shield            |    63 |   119 |     9 ||   191
       Rpst.: Long sword |     4 |     9 |       ||    13
